 Dungeon Crawl Stone Soup version 0.24.0-125-gc4c63601f3 (webtiles) character file.

Game seed: 1945348593391616512, levelgen mode: deterministic

37 Descartes the Grasshopper (level 3, 0/16 HPs)
             Began as a Felid Warper on Feb 23, 2020.
             Succumbed to an adder's poison
             ... on level 2 of the Dungeon.
             The game lasted 00:02:35 (2089 turns).

Descartes the Grasshopper (Felid Warper)            Turns: 2089, Time: 00:02:35

Health: 0/16       AC:  1    Str:  8    XL:     3   Next: 21%
Magic:  7/7        EV: 19    Int: 14    God:
Gold:   47         SH:  0    Dex: 15    Spells: 6/6 levels left
                                        Lives:  0   Deaths: 0

rFire    . . .     SeeInvis +     - Unarmed
rCold    . . .     Gourm    .   (shield unavailable)
rNeg     . . .     Faith    .   (armour unavailable)
rPois    .         Spirit   .   (helmet unavailable)
rElec    .         Reflect  .   (cloak unavailable)
rCorr    .         Harm     .   (gloves unavailable)
MR       .....                  (boots unavailable)
Stlth    ++........             (no amulet)
HPRegen  0.05/turn              (no ring)
MPRegen  0.10/turn              (no ring)

@: lethally poisoned (0 -> -10), quick
A: very small, no armour, no weapons or thrown items, stealth, claws 1, fangs 3,
see invisible, carnivore, speed 1, shaggy fur 1, slow metabolism 1, sharp paws
a: no special abilities


You were on level 2 of the Dungeon.
You were very full.

You visited 1 branch of the dungeon, and saw 2 of its levels.

You collected 47 gold pieces.

Inventory:

Missiles
 g - 35 stones
Jewellery
 e - an uncursed ring of protection from fire {unknown}
Scrolls
 b - a scroll of blinking
 d - a scroll of enchant weapon {unknown}
 f - a scroll of fog {unknown}
 h - 2 scrolls of remove curse {unknown}
 k - a scroll of teleportation {unknown}
 m - a scroll of magic mapping {unknown}
Potions
 a - a potion of mutation {unknown}
 j - a potion of curing {unknown}
 l - a potion of agility {unknown}
Comestibles
 c - 5 rations


   Skills:
 + Level 2.3 Fighting
 + Level 3.6 Dodging
 + Level 1.6 Stealth
 * Level 2.7 Unarmed Combat
 + Level 2.1 Spellcasting
   Level 4.4 Translocations


You had 6 spell levels left.
You didn't know any spells.
Your spell library contained the following spells:

 Spells                   Type           Power        Failure   Level  Hunger
 Blink                    Tloc           N/A          6%          2    ###....
 Gell's Gravitas          Tloc           ##........   12%         3    ###....
 Lesser Beckoning         Tloc           ##........   12%         3    ###....
 Teleport Other           Tloc           ##......     12%         3    ###....
 Shroud of Golubria       Chrm/Tloc      #.....       14%         2    ###....
 Passage of Golubria      Tloc           N/A          36%         4    #####..


Dungeon Overview and Level Annotations

Branches:
Dungeon (2/15)

Altars:
Qazlal


Innate Abilities, Weirdness & Mutations

You cannot wear armour.
You are incapable of wielding weapons or throwing items.
Your paws allow you to move quietly. (Stealth)
You have sharp claws.
You have razor-sharp teeth.
You have supernaturally acute eyesight. (SInv)
You are carnivorous and can eat meat at any time.
You cover ground quickly.
You are covered in fur. (AC +1)
You have a slow metabolism.
Your sharp claws are effective at attacking unaware monsters.


Message History

You scratch the adder but do no damage.
The adder is heavily wounded.
You feel sick. The adder completely misses you.
You closely miss the adder.
The adder is heavily wounded.
The adder bites you.
You are more poisoned.
The adder poisons you!
You scratch the adder.
The adder is almost dead.
* * * LOW HITPOINT WARNING * * *
You feel sick. The adder bites you.
* * * LOW HITPOINT WARNING * * *
You closely miss the adder.
The adder is almost dead.
* * * LOW HITPOINT WARNING * * *
You feel sick. The adder completely misses you. The adder misses you.
You barely miss the adder. Your bite misses the adder.
The adder is almost dead.
You die...

....#.###.....#
#.####
#...........###
#.#
#.#.##.####.#
#.# ....##.#
#.# #.# #....
#.# #.# ######
#.#### #.#
#.>... #.#
..###S##.#
#.#...@..#
.....#.#### ##.
... # #### # #
#


You could see an adder.

Vanquished Creatures
  An adder (D:2)
  A worm (D:2)
  A giant cockroach (D:1)
  A goblin (D:1)
  3 hobgoblins
  8 kobolds
  A quokka (D:2)
  A ball python (D:2)
  A bat (D:1)
  3 frilled lizards (D:1)
  6 rats
27 creatures vanquished.

Notes
Turn   | Place    | Note
-------+----------+-------------------------------------------
     0 | D:1      | Descartes the Felid Warper began the quest for the Orb.
     0 | D:1      | Reached XP level 1. HP: 9/9 MP: 4/4
   635 | D:1      | Reached XP level 2. HP: 8/13 MP: 6/6
  1144 | D:2      | Reached skill level 1 in Stealth
  1633 | D:2      | Found a stormy altar of Qazlal.
  1662 | D:2      | Reached XP level 3. HP: 11/16 MP: 7/7
  2089 | D:2      | Succumbed to an adder's poison

Levels and vault maps discovered:
D:1:      mushboom_english_gardens, layout_loops_corners
D:2:      layout_loops_cross, grunt_qazlal_clouds, first_ration

Skill      XL: |  1  2 |
---------------+-------+-----
Stealth        | 1 |  1.6
Fighting       | |  2.3
Dodging        | |  3.6
Unarmed Combat | |  2.7
Spellcasting   | |  2.1
Translocations | |  4.4

Action                   || total
-------------------------++-------
Melee: Unarmed           ||    98
       Bite              ||     9
 Stab: Sleeping          ||     5
  Eat: Chunk             ||     9
Armor: Skin              ||     5
Dodge: Dodged            ||    60
